 Dungeon Crawl Stone Soup version 0.32-a0-893-gf85d74f360 (webtiles) character file.

Game seed: 740406697344846826

101580 testman the Warrior (level 16, -7/143 HPs)
             Began as a Coglin Berserker on Apr 3, 2024.
             Was the Champion of Trog.
             Shot with an arrow by a centaur warrior (12 damage)
             ... on level 14 of the Dungeon.
             The game lasted 01:46:17 (26084 turns).

testman the Warrior (Coglin Berserker)             Turns: 26084, Time: 01:46:17

Health: -7/143     AC: 13    Str: 29    XL:     16   Next: 30%
Magic:  16/16      EV: 14    Int:  6    God:    Trog [******]
Gold:   1215       SH:  0    Dex: 18    Spells: 15/15 levels left

rFire   + . .        P - +2 war axe (flame) {Tae}
rCold   . . .        c - +0 demon whip (venom) {Choonhe}
rNeg    + + .        Z - +0 ring mail of Wiefi {rCorr Dex+4 Slay+3}
rPois   +            l - +0 helmet
rElec   +            S - +0 cloak of Weirdness {rElec rPois rN++ Will-}
rCorr   +            R - +1 pair of gloves {Str+3}
SInv    .            x - +0 pair of boots
Will    .....        (amulet unavailable)
Stlth   +            (ring unavailable)
HPRegen 0.43/turn    (ring unavailable)
MPRegen 0.15/turn    r - thermoemergency turbine {rPois rF+ rCorr Clar RMsl}

%: repel missiles, clarity
@: studying Conjurations
A: off-hand wielding, slow wielding, warmup strikes, no jewellery
a: Renounce Religion, Berserk, Trog's Hand, Brothers in Arms


You were on level 14 of the Dungeon.
You worshipped Trog.
Trog was exalted by your worship.
You visited 3 branches of the dungeon, and saw 21 of its levels.
You also visited: Gauntlet.

You collected 2491 gold pieces.
You spent 1276 gold pieces at shops.

Inventory:

Hand Weapons
 c - a +0 demon whip of venom (offhand) {Choonhe}
 P - a +2 war axe of flaming (weapon) {Tae}
Missiles
 a - 21 boomerangs
 d - 5 throwing nets
 f - 15 poisoned darts (quivered)
 u - 4 atropa-tipped darts
 z - 12 javelins
Armour
 l - a +0 helmet (worn)
 x - a +0 pair of boots (worn)
 M - the +2 chain mail of Intercession {-Tele Fly rC+++ Will-}
   (You bought it in a shop on level 9 of the Dungeon)

   rC+++:     It renders you almost immune to cold.
   Will-:     It decreases your willpower.
   Fly:       It grants you flight.
   -Tele:     It prevents most forms of teleportation.
 R - a +1 pair of gloves of strength (worn)
 S - the +0 cloak of Weirdness (worn) {rElec rPois rN++ Will-}
   (You found it in a Gauntlet)

   rElec:     It insulates you from electricity.
   rPois:     It protects you from poison.
   rN++:      It greatly protects you from negative energy.
   Will-:     It decreases your willpower.
 Z - the +0 ring mail of Wiefi (worn) {rCorr Dex+4 Slay+3}
   (You found it on level 12 of the Dungeon)

   Dex+4:     It affects your dexterity (+4).
   Slay+3:    It affects your accuracy & damage with ranged weapons and melee
   (+3).
   rCorr:     It protects you from acid and corrosion.
Gizmo
 r - a thermoemergency turbine (installed) {rPois rF+ rCorr Clar RMsl}
   (You invented it yourself on level 5 of the Lair of Beasts)

   [thermoemergency turbine]

   rF+:       It protects you from fire.
   rPois:     It protects you from poison.
   Clar:      It protects you from confusion, rage, mesmerisation and fear.
   RMsl:      It protects you from missiles.
   rCorr:     It protects you from acid and corrosion.
Wands
 m - a wand of light (14)
 y - a wand of warping (35)
 G - a wand of mindburst (6)
 H - a wand of polymorph (19)
 I - a wand of flame (29)
 J - a wand of digging (11)
 T - a wand of charming (23)
Scrolls
 i - 2 scrolls of immolation
 j - 3 scrolls of revelation
 o - 3 scrolls of fear
 p - 2 scrolls of vulnerability
 q - 3 scrolls of fog
 t - a scroll of brand weapon {unknown}
 v - a scroll of enchant armour {unknown}
 A - a scroll of acquirement {unknown}
 B - 12 scrolls of teleportation
 D - a scroll of blinking {unknown}
 E - a scroll of poison
 N - a scroll of butterflies {unknown}
 O - a scroll of enchant weapon
Potions
 b - 8 potions of haste
 g - 3 potions of curing
 h - 4 potions of cancellation
 k - 3 potions of mutation
 s - 2 potions of resistance
 w - 3 potions of attraction
 C - 3 potions of enlightenment
 F - a potion of berserk rage
 K - a potion of magic
 Q - 3 potions of invisibility
 U - a potion of might
 Y - a potion of lignification
Miscellaneous
 e - a sack of spiders (inert)
 L - a lightning rod (4/4)
 V - a condenser vane
 W - a Gell's gravitambourine (1/2)
 X - a phantom mirror (inert)


   Skills:
 + Level 17.7 Fighting
 - Level 16.1 Axes
 + Level 8.7 Armour
 + Level 7.3 Dodging
 + Level 15.3 Evocations


You had 15 spell levels left.
You didn't know any spells.
Your spell library contained the following spells:

 Spells                   Type           Power      Damage    Failure   Level
 Freeze                   Ice            0%         1d3       56%         1
 Kiss of Death            Conj/Necr      0%         2d5       56%         1
 Sting                    Conj/Alch      0%         1d3       56%         1
 Blink                    Tloc           0%         N/A       71%         2
 Cigotuvi's Dreadful Rot  Necr/Alch/Air  0%         N/A       71%         2
 Ensorcelled Hibernation  Hex/Ice        0%         N/A       71%         2
 Lesser Beckoning         Tloc           0%         N/A       71%         2
 Mercury Vapours          Alch/Air       0%         N/A       71%         2
 Confusing Touch          Hex            0%         N/A       90%         3
 Frozen Ramparts          Ice            0%         1d1       90%         3
 Fugue of the Fallen      Necr           0%         N/A       90%         3
 Hailstorm                Conj/Ice       0%         3d5       90%         3
 Inner Flame              Hex/Fire       0%         N/A       90%         3
 Maxwell's Portable Pile  Tloc           0%         2d(5-13)  90%         3
 Mephitic Cloud           Conj/Alch/Air  0%         N/A       90%         3
 Passwall                 Erth           0%         N/A       90%         3
 Swiftness                Air            0%         N/A       90%         3
 Teleport Other           Tloc           0%         N/A       90%         3
 Volatile Blastmotes      Fire/Tloc      0%         2d10      90%         3
 Anguish                  Hex/Necr       0%         N/A       100%        4
 Animate Armour           Summ/Erth      0%         N/A       100%        4
 Brom's Barrelling Bould  Conj/Erth      0%         2d3       100%        4
 Dispel Undead            Necr           0%         3d6       100%        4
 Ignite Poison            Fire/Alch      0%         N/A       100%        4
 Olgreb's Toxic Radiance  Alch           0%         N/A       100%        4
 Sticky Flame             Fire/Alch      0%         2d4       100%        4
 Summon Lightning Spire   Summ/Air       0%         N/A       100%        4
 Vhi's Electric Charge    Tloc/Air       0%         N/A       100%        4
 Fireball                 Conj/Fire      0%         3d3       100%        5
 Freezing Cloud           Conj/Ice/Air   0%         6-21      100%        5
 Irradiate                Conj/Alch      0%         3d11      100%        5
 Iskenderun's Battlesphe  Conj           0%         2d6       100%        5
 Lee's Rapid Deconstruct  Erth           0%         3d4*      100%        5
 Bombard                  Conj/Erth      0%         9d1       100%        6
 Conjure Ball Lightning   Conj/Air       0%         3x3d6     100%        6
 Sculpt Simulacrum        Ice/Alch       0%         N/A       100%        6
 Orb of Destruction       Conj           0%         9d5       100%        7
 Ignition                 Fire           0%         3d3       100%        8
 Shatter                  Erth           0%         3d5*      100%        9


Dungeon Overview and Level Annotations

Branches:
Dungeon (14/15)            Temple (0/1) D:4            Lair (5/5) D:10
  Swamp (0/4) Lair:3        Snake (0/4) Lair:3        Slime (0/5) Lair:4
    Orc (2/2) D:9             Elf (0/3) Orc:2        Vaults (0/5) D:13
Gauntlet (visited)

Altars:
Ashenzari
Cheibriados
Fedhas
Kikubaaqudgha
Makhleb
Ru
Jiyva
Lugonu

Shops:
D:9 [   D:11 =!   D:12 *   Orc:2 ([*:

Portals:
Abyss: Lair:5


Innate Abilities, Weirdness & Mutations

You can wield a second weapon in your off-hand.
It takes a long time for you to wield or remove held weapons.
Your first few attacks do less damage.
You cannot equip rings or amulets.


Message History

* * * LOW HITPOINT WARNING * * *
Unknown command.
You thrash the deep elf pyromancer with your +0 demon whip of venom!!
You kill the deep elf pyromancer!
Trog accepts your kill.
Trog appreciates your killing of a magic user.
The fire elemental disappears in a puff of smoke! x3
The liquid fire burns you!
* * * LOW HITPOINT WARNING * * *
You shake off some of the fire as you move.
The liquid fire burns you!
* * * LOW HITPOINT WARNING * * *
Things that are here:
a +0 long sword; a +0 robe; an elf corpse You are on fire!
You feel better. The liquid fire burns you!
* * * LOW HITPOINT WARNING * * *
The liquid fire burns you!
* * * LOW HITPOINT WARNING * * *
The liquid fire burns you!
* * * LOW HITPOINT WARNING * * *
The liquid fire burns you!
* * * LOW HITPOINT WARNING * * *
You are no longer on fire.
You feel magically purged.
A wraith comes into view.
The centaur warrior shouts!
You hear an angry buzzing noise.
A meliai comes into view. It is wielding a +0 shortbow.
The centaur warrior shoots an arrow.
The arrow hits you.
* * * LOW HITPOINT WARNING * * *
The meliai mumbles some strange prayers to its god against you.
Something smites you!
* * * LOW HITPOINT WARNING * * *
The centaur warrior shoots an arrow.
The arrow hits you!
* * * LOW HITPOINT WARNING * * *
As you read the scroll of fog, it dissolves into smoke.
The meliai shoots an arrow.
The arrow misses you.
The centaur warrior shoots an arrow.
The arrow hits you!
You die...

#..............#...#
#......?..)..).#...# #
#....#####.....#...#
####....'...#.....#...#
...#....#...#.....#...##
##.#.####...#.....#....#
.#.#........#..§§§#....#
##..........#..§§§#....#
...#).......#.§§@§#....#
#.##.#.###'##..§§§###'#######
#.##.#.##...#....§..........#
..##........#..>............#
####........#........y.....^#
...#........#...............#
.#.#.#......#...............#
.#.#.#......'......c........#
.#.#)#....###...............#


You could see a centaur warrior and a meliai.

Vanquished Creatures
  Jorgrun (D:13)
  An orc warlord (Orc:2)
  A minotaur (Gauntlet)
  An ettin (Orc:1)
  An entropy weaver (shapeshifter) (D:13)
  Fannar (Lair:2)
  6 hydras
  Harold (D:11)
  Erolcha (Orc:1)
  Erica (D:10)
  2 boulder beetles (D:13)
  An alligator (Lair:3)
  3 catoblepae
  6 two-headed ogres
  7 centaur warriors
  7 death yaks
  3 thrashing horrors (Lair:5)
  2 occultists (D:12)
  4 orc high priests (Orc:2)
  A soul eater (Gauntlet)
  A skyshark (Lair:5)
  Nergalle (D:11)
  Amaemon (D:8)
  An orb spider (shapeshifter) (D:13)
  An orange crystal statue (Gauntlet)
  4 arcanists
  4 deep elf pyromancers
  3 orc knights (Orc:2)
  2 harpies (shapeshifter)
  A lindwurm (shapeshifter) (Lair:5)
  A lindwurm (Lair:4)
  2 obsidian bats
  Pikel (D:9)
  18 cyclopes
  7 ugly things
  Maurice (D:11)
  A wolf spider (D:14)
  3 orc sorcerers (Orc:2)
  5 manticores
  3 large abominations (Lair:5)
  7 kobold blastminers (Orc:2)
  11 elephants
  A meliai (D:13)
  An eye of devastation (Gauntlet)
  A smoke demon (Lair:5)
  5 black mambas
  7 cane toads
  2 gargoyles
  2 torpor snails
  An unseen horror (D:12)
  2 minotaur zombies (Gauntlet)
  An orange demon (D:8)
  2 rime drakes (Lair:5)
  12 komodo dragons
  A freezing wraith (D:14)
  2 queen bees (shapeshifter)
  5 trolls
  2 polar bears
  Prince Ribbit (D:8)
  20 blink frogs
  A raiju (Lair:5)
  A glass eye (Gauntlet)
  A wraith (D:10)
  2 centaur simulacra
  2 shadows
  10 slime creatures
  2 spriggans (Lair:5)
  6 wyverns
  9 small abominations (Lair:5)
  7 basilisks
  20 yaks
  2 unseen horror simulacra (D:10)
  3 wargs (Orc:1)
  2 steam dragons
  8 vampire mosquitoes
  2 chaos spawn (Lair:5)
  Duvessa (D:5)
  An acid dragon (D:8)
  13 water moccasins
  A swamp drake (Lair:3)
  22 orc warriors
  An ice beast (D:10)
  3 black bears
  2 laughing skulls (D:13)
  A sky beast (D:7)
  7 ogres
  19 wolves
  A centaur (D:9)
  2 lemures (D:9)
  A phantom (D:5)
  13 bullfrogs
  2 gnoll sergeants
  4 scorpions
  10 wights
  Dowan (D:5)
  4 killer bees (D:9)
  3 electric eels
  6 howler monkeys
  A bombardier beetle (D:4)
  20 jellies
  2 hounds
  18 orc priests
  A sleepcap (D:5)
  A gnoll bouda (D:8)
  Jessica (D:2)
  4 hell rats (Lair:2)
  4 iguanas
  27 orc wizards
  A scorpion zombie (D:2)
  12 gnolls
  6 adders
  4 shadow imps
  4 white imps (D:10)
  An ufetubus (D:10)
  An adder skeleton (D:2)
  5 dart slugs
  2 ribbon worms
  65 orcs
  A bat (D:2)
  3 bat skeletons (D:2)
  A bat zombie (D:2)
  7 endoplasms
  3 giant cockroaches
  5 goblins
  7 hobgoblins
  12 jackals
  3 kobolds
  3 quokkas
  3 ball pythons
  4 ball python skeletons (D:2)
  2 ball python zombies (D:2)
  2 frilled lizards
  A jackal skeleton (D:2)
  5 rats
636 creatures vanquished.

Vanquished Creatures (collateral kills)
  A stone giant (Orc:1)
  3 ugly things (D:14)
  An efreet (D:14)
5 creatures vanquished.

Vanquished Creatures (others)
  An orc wizard (Orc:2)
  A hell rat (Lair:2)
2 creatures vanquished.

Grand Total: 643 creatures vanquished

Notes
Turn   | Place    | Note
-------+----------+-------------------------------------------
     0 | D:1      | testman the Coglin Berserker began the quest for the Orb.
     0 | D:1      | Reached XP level 1. HP: 18/18 MP: 1/1
    65 | D:1      | Reached XP level 2. HP: 24/24 MP: 2/2
   314 | D:1      | Reached XP level 3. HP: 13/29 MP: 3/3
   962 | D:2      | Reached skill level 4 in Fighting
   962 | D:2      | Reached XP level 4. HP: 19/37 MP: 4/4
  1088 | D:2      | Reached ** piety under Trog
  1336 | D:2      | Reached XP level 5. HP: 43/43 MP: 5/5
  1641 | D:2      | Noticed Jessica
  1653 | D:2      | Killed Jessica
  1920 | D:3      | Found an ancient bone altar of Kikubaaqudgha.
  2302 | D:3      | Reached skill level 5 in Fighting
  2302 | D:3      | Reached skill level 5 in Axes
  2434 | D:3      | Found a broken altar of Ashenzari.
  2434 | D:3      | Found a snail-covered altar of Cheibriados.
  2477 | D:3      | Reached *** piety under Trog
  2478 | D:3      | Reached XP level 6. HP: 51/51 MP: 6/6
  2598 | D:4      | Noticed a black bear
  2608 | D:4      | Killed a black bear
  3114 | D:4      | Found a staircase to the Ecumenical Temple.
  3376 | D:4      | Found a sacrificial altar of Ru.
  3523 | D:4      | Reached XP level 7. HP: 12/57 MP: 7/7
  3891 | D:5      | Entered Level 5 of the Dungeon
  3906 | D:5      | Reached skill level 6 in Fighting
  4132 | D:5      | Noticed Duvessa
  4139 | D:5      | Noticed Dowan
  4152 | D:5      | Killed Duvessa
  4160 | D:5      | Killed Dowan
  4386 | D:5      | Reached XP level 8. HP: 41/65 MP: 8/8
  4535 | D:5      | Reached skill level 7 in Fighting
  5833 | D:7      | Reached skill level 8 in Fighting
  5980 | D:7      | Reached XP level 9. HP: 74/75 MP: 9/9
  6478 | D:7      | Found a blossoming altar of Fedhas.
  6608 | D:8      | Reached skill level 9 in Fighting
  6808 | D:8      | Reached **** piety under Trog
  6943 | D:8      | Noticed an orange demon
  6944 | D:8      | Noticed Amaemon
  6950 | D:8      | Killed an orange demon
  6956 | D:8      | Killed Amaemon
  6957 | D:8      | Reached skill level 10 in Fighting
  6957 | D:8      | Reached skill level 10 in Axes
  6957 | D:8      | Reached XP level 10. HP: 85/85 MP: 10/10
  7116 | D:8      | Noticed Prince Ribbit
  7123 | D:8      | Killed Prince Ribbit
  7609 | D:9      | Identified the beast talisman "Weluimoz" {rF- rC+ Str+6}
  7626 | D:9      | Found Cekohoi's Antique Armour Shop.
  7629 | D:9      | Bought a brightly glowing chain mail for 266 gold pieces
  7629 | D:9      | Identified the +2 chain mail of Intercession {-Tele Fly
                  | rC+++ Will-} (You bought it in a shop on level 9 of the
                  | Dungeon)
  7689 | D:9      | Found a staircase to the Orcish Mines.
  7999 | D:9      | Noticed Pikel
  8009 | D:9      | Killed Pikel
  8010 | D:9      | Reached skill level 11 in Fighting
  8199 | D:9      | Found a burning altar of Makhleb.
  8265 | D:10     | Entered Level 10 of the Dungeon
  8344 | D:10     | Noticed Erica
  8362 | D:10     | Killed Erica
  8434 | D:10     | Noticed a two-headed ogre
  8436 | D:10     | Found a staircase to the Lair.
  8451 | D:10     | Killed a two-headed ogre
  8452 | D:10     | Reached XP level 11. HP: 85/95 MP: 11/11
  8458 | D:10     | Noticed a death yak
  8480 | D:10     | Killed a death yak
  8481 | D:10     | Reached skill level 12 in Fighting
  9075 | D:10     | Noticed a death yak
  9087 | D:10     | Killed a death yak
  9432 | Lair:1   | Entered Level 1 of the Lair of Beasts
  9666 | Lair:1   | Reached skill level 13 in Fighting
  9893 | Lair:1   | Reached XP level 12. HP: 105/105 MP: 12/12
  9977 | Lair:1   | Reached skill level 5 in Armour
 10257 | Lair:1   | Reached skill level 1 in Evocations
 10547 | Lair:2   | Noticed Fannar
 10579 | Lair:2   | Killed Fannar
 11252 | Lair:2   | Reached skill level 14 in Fighting
 11411 | Lair:2   | Reached skill level 5 in Evocations
 11768 | Lair:3   | Noticed a death yak
 11775 | Lair:3   | Noticed a death yak
 11777 | Lair:3   | Noticed a death yak
 11777 | Lair:3   | Noticed a death yak
 11781 | Lair:3   | Killed a death yak
 11781 | Lair:3   | Noticed a death yak
 11786 | Lair:3   | Killed a death yak
 11789 | Lair:3   | Killed a death yak
 11791 | Lair:3   | Reached XP level 13. HP: 102/114 MP: 13/13
 11799 | Lair:3   | Found a gate leading to a gauntlet.
 11808 | Gauntlet | Entered a Gauntlet
 11808 | Gauntlet | Found a transporter.
 11926 | Gauntlet | Found a transporter.
 11941 | Gauntlet | Found a transporter.
 11946 | Gauntlet | Found a transporter.
 11962 | Gauntlet | Found a transporter.
 11981 | Gauntlet | Found a transporter.
 11993 | Gauntlet | Found a transporter.
 12005 | Gauntlet | Found a transporter.
 12014 | Gauntlet | Found a transporter.
 12029 | Gauntlet | Found a transporter.
 12046 | Gauntlet | Found a transporter.
 12066 | Gauntlet | Found a transporter.
 12066 | Gauntlet | Found a transporter.
 12086 | Gauntlet | Found a transporter.
 12108 | Gauntlet | Found a transporter.
 12185 | Gauntlet | Found a transporter.
 12212 | Gauntlet | Found a transporter.
 12236 | Gauntlet | Found a transporter.
 12375 | Gauntlet | Identified the +0 cloak of Weirdness {rElec rPois rN++
                  | Will-}
 12537 | Gauntlet | Found the +6 lightning scales {swift, rElec}
 12537 | Gauntlet | Noticed a minotaur
 12549 | Gauntlet | Killed a minotaur
 12749 | Gauntlet | Got the Octavo of Rubedo and Topology
 12882 | Lair:3   | Got Sif Muna's Folio of Cold Silt
 12896 | Lair:3   | Found a staircase to the Swamp.
 13315 | Lair:3   | Found a runed translucent door.
 13327 | Lair:3   | Reached skill level 15 in Fighting
 13410 | Lair:3   | Found a staircase to the Snake Pit.
 13483 | Lair:3   | Reached skill level 15 in Axes
 13646 | Lair:3   | Identified the +0 robe of Precision Catastrophes {*Corrode
                  | rElec Str+4 SInv}
 14544 | Lair:4   | Found a viscous altar of Jiyva.
 14545 | Lair:4   | Found a staircase to the Slime Pits.
 14609 | Lair:4   | Reached skill level 10 in Evocations
 15222 | Lair:5   | Entered Level 5 of the Lair of Beasts
 15398 | Lair:5   | Reached XP level 14. HP: 105/123 MP: 14/14
 15398 | Lair:5   | Acquired a thermoemergency turbine {rPois rF+ rCorr Clar
                  | RMsl}
 16212 | Lair:5   | Reached ***** piety under Trog
 16501 | Lair:5   | Reached skill level 16 in Fighting
 16844 | Lair:5   | Found a corrupted altar of Lugonu.
 16844 | Lair:5   | Found a one-way gate to the infinite horrors of the Abyss.
 17503 | Orc:1    | Entered Level 1 of the Orcish Mines
 17503 | Orc:1    | Noticed Erolcha
 17512 | Orc:1    | Killed Erolcha
 18776 | Orc:1    | Noticed a stone giant
 18792 | Orc:1    | Killed a stone giant
 18793 | Orc:1    | Reached XP level 15. HP: 20/132 MP: 15/15
 19031 | Orc:1    | Identified the +8 hand axe "Murphen" {protect, rF+ Dex+3}
 19033 | Orc:1    | Identified the +5 morningstar of Illari Kism {drain, rPois
                  | rF+}
 19042 | Orc:1    | Identified the +11 spear of Uncertain Death {drain, rElec
                  | rC+ rN+}
 19280 | Orc:2    | Entered Level 2 of the Orcish Mines
 19535 | Orc:2    | Noticed an orc warlord
 19540 | Orc:2    | Paralysed by an orc sorcerer for 3 turns
 19907 | Orc:2    | Killed an orc warlord
 20134 | Orc:2    | Reached ****** piety under Trog
 20233 | Orc:2    | Received a gift from Trog
 20319 | Orc:2    | Found Zoyc Qef's General Store.
 20323 | Orc:2    | Reached skill level 5 in Dodging
 20375 | Orc:2    | Found Diqach's Antique Armour Boutique.
 20375 | Orc:2    | Found Synoppor's Antique Weapon Boutique.
 20377 | Orc:2    | Found Ixiucuti's Book Shop.
 20381 | Orc:2    | Bought a scroll of identify for 30 gold pieces
 20878 | Orc:2    | Found a staircase to the Elven Halls.
 21431 | Orc:2    | Bought a pitted plate armour for 868 gold pieces
 21431 | Orc:2    | Identified the +0 plate armour of the Black Moon {Int+7
                  | Dex+2} (You bought it in a shop on level 2 of the Orcish
                  | Mines)
 21548 | D:11     | Noticed Maurice
 21555 | D:11     | Maurice stole 810 gold
 21556 | D:11     | Killed Maurice
 21705 | D:11     | You are sucked into a shaft and drop 1 floor!
 21779 | D:11     | Reached skill level 17 in Fighting
 21838 | D:11     | Found Meocoec's Jewellery Emporium.
 21927 | D:11     | Noticed Harold
 21933 | D:11     | Killed Harold
 22264 | D:11     | Identified the +2 long sword of the Immovable Beds {vamp,
                  | Str+3}
 22299 | D:11     | Found Qevixob's Distillery.
 22305 | D:11     | Noticed Nergalle
 22314 | D:11     | Killed Nergalle
 22328 | D:11     | Bought a potion of berserk rage for 70 gold pieces
 22328 | D:11     | Bought a potion of lignification for 42 gold pieces
 22741 | D:12     | Found Rihu's General Store.
 22910 | D:12     | Identified the +0 ring mail of Wiefi {rCorr Dex+4 Slay+3}
 23726 | D:13     | Noticed Jorgrun
 23738 | D:13     | Killed Jorgrun
 24454 | D:13     | Found a gate to the Vaults.
 25019 | D:13     | Reached XP level 16. HP: 134/141 MP: 16/16
 25291 | D:14     | Reached skill level 15 in Evocations
 26083 | D:14     | HP: 4/143 [centaur warrior/arrow (9)]
 26084 | D:14     | Shot with an arrow by a centaur warrior

Illustrated notes

Levels and vault maps discovered:
D:1:      dpeg_arrival_tiny_d, layout_basic, hangedman_decor_growths,
          hangedman_decor_clover_reticule, nicolae_figureground_sparkle
D:2:      layout_rooms, serial_undead, serial_undead_b, serial_undead_d,
          serial_undead_d, serial_undead_b, serial_undead_a, serial_undead_a,
          serial_undead_f, serial_undead_c, serial_undead_a, serial_undead_a,
          hangedman_decor_diamond_cutter, uniq_jessica
D:3:      layout_loops_ring, gammafunk_temple_overflow_statue,
          mainiacjoe_overflow_tiny_flanked
D:4:      layout_basic, nicolae_ru_the_path_less_chosen,
          minmay_temple_entry_large_hall
D:5:      layout_loops_ring, uniq_duvessa
D:6:      layout_rooms
D:7:      layout_loops_ring, mainiacjoe_overflow_brackets,
          kennysheep_generic_room_3
D:8:      layout_gridville, uniq_prince_ribbit1, uniq_amaemon
D:9:      layout_basic, amcnicky_altar_gilded, orc_0_dummy, serial_shops,
          nicolae_shop_tiny_real_fake_doors, uniq_pikel
D:10:     layout_rooms, dpeg_oklobed_lair, serial_ice, serial_ice_h,
          serial_ice_n, serial_ice_m, serial_ice_l, serial_ice_d, serial_ice_e,
          grunt_ministairs_5, serial_bayou_crossing, uniq_erica
D:11:     layout_loops_cross, serial_shops, shop, shop, uniq_harold,
          uniq_maurice, uniq_nergalle
D:12:     minmay_wizard_corner, layout_rooms, serial_shops, shop,
          serial_aquarium, aquarium_bridge_island_small
          [aquarium_subvault_small_open, aquarium_subvault_wall,
          aquarium_subvault_window, aquarium_subvault_bridge,
          aquarium_subvault_balcony], aquarium_bridge_long_joined
          [aquarium_subvault_bridge, aquarium_subvault_balcony,
          aquarium_subvault_wall, aquarium_subvault_balcony,
          aquarium_subvault_wall, aquarium_subvault_bridge], aquarium_window_1,
          aquarium_window_2, aquarium_view_2g, aquarium_view_2f,
          aquarium_balcony_5b, st_stairs_1, grunt_ministairs_5,
          palyth_stone_intersect
D:13:     layout_roguey, david_vaults_2, kennysheep_small_circle, uniq_jorgrun
D:14:     minmay_the_grid_4x2 [minmay_the_grid_embedded,
          minmay_the_grid_armoury, minmay_the_grid_small_cups,
          minmay_the_grid_odd_star, minmay_the_grid_box_x,
          minmay_the_grid_outer_circle, minmay_the_grid_holed_spiral,
          minmay_the_grid_prize_diamond_cup], layout_gridville
Lair:1:   layout_roguey, infiniplex_staircase_pool, grunt_megastairs_5,
          serial_bayou_shore_b
Lair:2:   layout_long_grid, serial_bayou_lagoon_a, st_stairs_7, uniq_fannar
Lair:3:   layout_concentric_octagons, mainiacjoe_swamp_entry_lozenge_pond,
          dummy_snake_entry, gauntlet_entry_generic, st_stairs_13,
          pf_torpor_hydra
Lair:4:   layout_hall_layers, minmay_slime_entry_jelly_boxes, st_stairs_9
Lair:5:   hellmonk_lair_end_abyssal_woods, layout_loops_ring, minivault_27,
          lemuel_fruit_fields
Orc:1:    giant_chief_lemuel, layout_diamond_mine, serial_shops, uniq_erolcha
Orc:2:    st_orc_congregation, layout_diamond_mine,
          regret_index_minedec_devilstone

Skill      XL: |  1  2  3  4  5  6  7  8  9 10 11 12 13 14 15 16 |
---------------+-------------------------------------------------+-----
Fighting       | 4 5 6 8 10 11 13 14 15 16 17 | 17.7
Axes           | 4 5 6 8 10 11 13 14 15 16 | 16.1
Armour         | 4 5 6 8 |  8.7
Dodging        | 2 4 6 7 |  7.3
Evocations     | 6 10 13 14 15 | 15.3

Action                     |  1- 3 |  4- 6 |  7- 9 | 10-12 | 13-15 | 16-18 || total
---------------------------+-------+-------+-------+-------+-------+-------++-------
  Melee: Hand axe          |    48 |   165 |   321 |       |       |       ||   534
         Dagger            |    42 |   152 |    16 |       |       |       ||   210
         War axe           |       |       |    52 |   334 |   773 |    46 ||  1205
         Whip              |       |       |    14 |       |       |       ||    14
         Demon whip        |       |       |       |   315 |   742 |    47 ||  1104
  Throw: Dart              |       |       |     5 |     2 |     9 |       ||    16
         Boomerang         |       |       |       |       |       |     1 ||     1
 Invoke: Berserk           |     1 |     1 |     3 |    11 |    12 |     1 ||    29
         Trog's Hand       |       |       |     2 |     4 |    12 |     2 ||    20
Ability: Invent Gizmo      |       |       |       |       |     1 |       ||     1
  Evoke: Wand              |       |       |     1 |       |     4 |     2 ||     7
         Phantom mirror    |       |       |       |       |     2 |       ||     2
         Gell's gravitambo |       |       |       |       |     1 |     1 ||     2
         Condenser vane    |       |       |       |       |     1 |       ||     1
         Sack of spiders   |       |       |       |       |       |     1 ||     1
    Use: Scroll            |       |       |     8 |     3 |    10 |     5 ||    26
         Potion            |       |       |       |       |     5 |     4 ||     9
   Stab: Invisible         |       |       |     1 |       |       |       ||     1
 Armour: Animal skin       |     2 |       |       |       |       |       ||     2
         Ring mail         |    32 |   133 |   138 |    19 |    99 |    77 ||   498
         Chain mail        |       |       |       |   382 |   581 |       ||   963
  Dodge: Dodged            |    29 |   112 |    87 |   134 |   301 |    58 ||   721
         Repelled          |       |     1 |       |    13 |    35 |    12 ||    61

Table legend: (Time is in decaauts)
 A = Elapsed time spent in this place.
 B = Non-inter-level travel time spent in this place.
 C = Inter-level travel time spent in this place.
 D = Time resting spent in this place.
 E = Time spent auto-exploring this place.
 F = Levels seen in this place.
 G = Mean time per level.
                   A        B        C        D        E       F      G
               +--------+--------+--------+--------+--------+-----+--------+
         Total |  26006 |  24964 |   1042 |   1640 |  19613 |  22 | 1182.1 |
       Dungeon |  14233 |  13739 |    494 |    890 |  10885 |  14 | 1016.6 |
          Lair |   6973 |   6779 |    194 |    182 |   5654 |   5 | 1394.6 |
  Orcish Mines |   3734 |   3381 |    353 |    476 |   2359 |   2 | 1867.0 |
      Gauntlet |   1065 |   1065 |      0 |     91 |    714 |   1 | 1065.0 |
               +--------+--------+--------+--------+--------+-----+--------+

Top non-repeatable levels by time:
   Orc:1: 2200 daAuts
  Lair:5: 2138 daAuts
   Orc:2: 1534 daAuts
    D:13: 1501 daAuts
  Lair:4: 1444 daAuts
     D:5: 1402 daAuts
     D:4: 1294 daAuts
     D:9: 1263 daAuts
  Lair:2: 1226 daAuts
    D:12: 1209 daAuts
  Lair:1: 1095 daAuts
  Lair:3: 1068 daAuts
Gauntlet: 1065 daAuts
    D:10: 1017 daAuts
    D:14: 905 daAuts
